 Dungeon Crawl Stone Soup version 0.28-a0-533-g9f97627e2a (webtiles) character file.

Game seed: 16058082348725190732

632710 hfdsek the Metallomancer (level 27, -8/179 HPs)
             Began as a Gargoyle Earth Elementalist on Sept 26, 2021.
             Was the Champion of Vehumet.
             Mangled by Mogoom the pandemonium lord (23 damage)
             ... on level 16 of a ziggurat.
             The game lasted 03:48:38 (80111 turns).

hfdsek the Metallomancer (GrEE)                    Turns: 80111, Time: 03:48:38

Health: -8/179     AC: 49    Str: 11    XL:     27
Magic:  42/45      EV: 22    Int: 35    God:    Vehumet [******]
Gold:   5314       SH:  5    Dex: 19    Spells: 5/62 levels left

rFire   + + .      SeeInvis +   o - +9 eveningstar (protect)
rCold   + + +      Faith    .   (no shield)
rNeg    + + .      Spirit   .   P - +4 steam dragon scales "Qeric" {Dex+4}
rPois   ∞          Reflect  +   i - +2 helmet {Int+3}
rElec   +          Harm     .   E - +2 cloak {Stlth+}
rCorr   +          Rampage  .   O - +2 pair of gloves {Dex+3}
Will    ++...                   p - +2 pair of boots {Stlth+}
Stlth   +++++.....              b - amulet "Pisom" {Reflect rC+++ rN+ rCorr SH+5 SInv}
HPRegen 0.39/turn               h - ring of the Tentacled Coconut {rF+ rCorr Int+6}
MPRegen 0.29/turn               S - +4 ring of protection

@: flying, studying 7 skills
A: sickness immunity, AC +20, big wings, negative energy resistance 1,
electricity resistance, torment resistance 1, petrification resistance, talons
1, thin skeletal structure 1, dopey 1, fire resistance 1, weak 1, wild magic 1
}: 4/15 runes: decaying, slimy, silver, gossamer
a: Renounce Religion


You were on level 16 of a ziggurat.
You worshipped Vehumet.
Vehumet was exalted by your worship.
You visited 11 branches of the dungeon, and saw 52 of its levels.
You visited the Abyss 1 time.
You visited 1 ziggurat, and saw 16 of its levels.
You also visited: Gauntlet, Ice Cave and Wizlab.

You collected 11870 gold pieces.
You spent 6556 gold pieces at shops.

Inventory:

Hand Weapons
 m - a +9 eveningstar of flaming
 o - a +9 eveningstar of protection (weapon)
 w - the +12 morningstar "Gram" {drain, rF+ Will+}
   (You found it on level 13 of a ziggurat)

   A truly terrible weapon, it drains the life of any living foe it strikes.
   rF:        It protects you from fire.
   Will:      It increases your willpower.
 V - a +9 demon whip of electrocution
Missiles
 r - a throwing net
Armour
 i - a +2 helmet of intelligence (worn)
 p - a +2 pair of boots of stealth (worn)
 u - a +2 robe of the Archmagi
 E - a +2 cloak of stealth (worn)
 O - a +2 pair of gloves of dexterity (worn)
 P - the +4 steam dragon scales "Qeric" (worn) {Dex+4}
   (You found it in a Gauntlet)

   Dex:       It affects your dexterity (+4).
Jewellery
 b - the amulet "Pisom" (around neck) {Reflect rC+++ rN+ rCorr SH+5 SInv}
   (You bought it in a shop on level 13 of the Dungeon)

   [amulet of reflection]

   It reflects blocked missile attacks.
   rC:        It renders you almost immune to cold.
   rN:        It protects you from negative energy.
   SInv:      It lets you see invisible.
   rCorr:     It protects you from acid and corrosion.
   SH:        It affects your SH (+5).
 g - the ring "Baninubb" {rPois Str+2 SInv}
   (You found it on level 10 of a ziggurat)

   [ring of poison resistance]

   Str:       It affects your strength (+2).
   rPois:     It protects you from poison.
   SInv:      It lets you see invisible.
 h - the ring of the Tentacled Coconut (left hand) {rF+ rCorr Int+6}
   (You found it on level 2 of the Orcish Mines)

   [ring of intelligence]

   Int:       It affects your intelligence (+6).
   rF:        It protects you from fire.
   rCorr:     It protects you from acid and corrosion.
 l - the ring of Piwkexeg {Wiz SInv}
   (You found it on level 11 of a ziggurat)

   [ring of wizardry]

   It improves your spell success rate.
   SInv:      It lets you see invisible.
 A - the ring of Suspicion {rC++ Will+ Str+4 Int+6}
   (You found it on level 14 of a ziggurat)

   [ring of willpower]

   Str:       It affects your strength (+4).
   Int:       It affects your intelligence (+6).
   rC:        It greatly protects you from cold.
   Will:      It increases your willpower.
 S - a +4 ring of protection (right hand)
Wands
 e - a wand of acid (15)
 n - a wand of mindburst (3)
 T - a wand of iceblast (14)
Scrolls
 f - 4 scrolls of enchant armour
 j - a scroll of holy word
 k - 11 scrolls of fog
 q - 25 scrolls of teleportation
 v - 54 scrolls of identify
 x - 5 scrolls of magic mapping
 C - 7 scrolls of fear
 D - 9 scrolls of amnesia
 W - 15 scrolls of blinking
 Y - 7 scrolls of summoning
Potions
 a - 30 potions of curing
 c - 8 potions of magic
 s - 9 potions of brilliance
 t - 3 potions of invisibility
 z - 13 potions of mutation
 F - 11 potions of heal wounds
 G - 3 potions of resistance
 J - 7 potions of berserk rage
 K - 5 potions of haste
 N - 9 potions of might
 R - 9 potions of cancellation
 X - 3 potions of ambrosia
Miscellaneous
 d - a box of beasts
 y - a phial of floods
 I - a condenser vane
 Z - a tin of tremorstones (2/2)


   Skills:
 + Level 20.0 Fighting
 - Level 16.0 Maces & Flails
 - Level 8.0 Armour
 - Level 15.0 Dodging
 - Level 2.1 Stealth
 + Level 18.0 Spellcasting
 - Level 20.0 Conjurations
 + Level 4.2 Necromancy
 + Level 4.3 Transmutations
 + Level 20.4 Fire Magic
 * Level 15.6 Ice Magic
 - Level 22.4 Earth Magic
 - Level 10.0 Evocations


You had 5 spell levels left.
You knew the following spells:

 Your Spells              Type           Power      Damage    Failure   Level
a - Shatter               Erth           64%        3d47*     4%          9
b - Stone Arrow           Conj/Erth      100%       3d13      1%          3
c - Lee's Rapid Deconstr  Erth           64%        3d30*     1%          5
d - Iron Shot             Conj/Erth      62%        9d12      1%          6
e - Necromutation         Tmut/Necr      34%        N/A       100%        8
f - Fire Storm            Conj/Fire      61%        8d15      11%         9
g - Ignition              Fire           61%        3d17      1%          8
i - Polar Vortex          Ice            55%        N/A       47%         9

Your spell library contained the following spells:

 Spells                   Type           Power      Damage    Failure   Level
 Animate Skeleton         Necr           100%       N/A       1%          1
 Beastly Appendage        Tmut           100%       N/A       1%          1
 Foxfire                  Conj/Fire      100%       2x1d9     1%          1
 Freeze                   Ice            100%       1d11      1%          1
 Pain                     Necr           100%       1d9       1%          1
 Sandblast                Erth           100%       2d20      1%          1
 Shock                    Conj/Air       100%       1d9       1%          1
 Sting                    Tmut/Pois      100%       1d8       1%          1
 Corpse Rot               Necr/Air       N/A        N/A       1%          2
 Ensorcelled Hibernation  Hex/Ice        100%       N/A       1%          2
 Passwall                 Tmut/Erth      86%        N/A       1%          2
 Poisonous Vapours        Pois/Air       82%        N/A       1%          2
 Static Discharge         Conj/Air       93%        N/A       1%          2
 Wereblood                Tmut           69%        N/A       1%          2
 Conjure Flame            Conj/Fire      100%       6-21      1%          3
 Dazzling Flash           Conj/Hex       100%       N/A       1%          3
 Frozen Ramparts          Ice            100%       1d12      1%          3
 Ignite Poison            Fire/Tmut/Pois 86%        N/A       1%          3
 Inner Flame              Hex/Fire       93%        N/A       1%          3
 Ozocubu's Armour         Ice            100%       N/A       1%          3
 Vampiric Draining        Necr           34%        2d10      1%          3
 Animate Armour           Summ/Erth      100%       N/A       1%          4
 Flame Wave               Conj/Fire      100%       3d16      1%          4
 Fulminant Prism          Conj/Hex       46%        3d21      1%          4
 Hailstorm                Conj/Ice       100%       3d20      1%          4
 Iskenderun's Mystic Bla  Conj/Tloc      93%        2d18      1%          4
 Leda's Liquefaction      Hex/Erth       48%        N/A       1%          4
 Petrify                  Tmut/Erth      100%       N/A       1%          4
 Sticky Flame             Conj/Fire      100%       2d11      1%          4
 Summon Ice Beast         Ice/Summ       84%        N/A       1%          4
 Fireball                 Conj/Fire      61%        3d23      1%          5
 Irradiate                Conj/Tmut      50%        3d30      1%          5
 Lightning Bolt           Conj/Air       46%        1d66      1%          5
 Apportation              Tloc           82%        N/A       2%          1
 Summon Small Mammal      Summ           100%       N/A       2%          1
 Spider Form              Tmut/Pois      28%        N/A       2%          3
 Blink                    Tloc           N/A        N/A       3%          2
 Slow                     Hex            41%        N/A       3%          2
 Animate Dead             Necr           34%        N/A       3%          4
 Dispel Undead            Necr           68%        3d23      3%          4
 Airstrike                Air            20%        N/A       4%          4
 Olgreb's Toxic Radiance  Pois           41%        N/A       4%          4
 Yara's Violent Unravell  Hex/Tmut       28%        3d12      4%          5
 Call Canine Familiar     Summ           41%        N/A       5%          3
 Confusing Touch          Hex            41%        N/A       5%          3
 Gell's Gravitas          Tloc           20%        N/A       5%          3
 Portal Projectile        Hex/Tloc       82%        N/A       5%          3
 Summon Guardian Golem    Hex/Summ       41%        N/A       5%          3
 Swiftness                Air            41%        N/A       5%          3
 Teleport Other           Tloc           41%        N/A       5%          3
 Tukima's Dance           Hex            41%        N/A       5%          3
 Blade Hands              Tmut           34%        N/A       8%          5
 Agony                    Necr           68%        N/A       9%          5
 Excruciating Wounds      Necr           34%        N/A       9%          5
 Cause Fear               Hex            20%        N/A       16%         4
 Summon Lightning Spire   Summ/Air       41%        N/A       16%         4
 Manifold Assault         Tloc           41%        N/A       38%         5
 Silence                  Hex/Air        20%        N/A       38%         5
 Summon Forest            Summ/Tloc      20%        N/A       38%         5
 Summon Mana Viper        Hex/Summ       41%        N/A       38%         5
 Conjure Ball Lightning   Conj/Air       46%        3x3d16    1%          6
 Starburst                Conj/Fire      61%        6d16      1%          6
 Orb of Destruction       Conj           61%        9d17      1%          7
 Ozocubu's Refrigeration  Ice            55%        4d16      1%          7
 Lehudib's Crystal Spear  Conj/Erth      62%        10d14     1%          8
 Simulacrum               Ice/Necr       46%        N/A       4%          6
 Spellforged Servitor     Conj/Summ      46%        N/A       6%          7
 Eringya's Noxious Bog    Tmut/Pois      28%        N/A       22%         6
 Dragon Form              Tmut           34%        N/A       88%         7
 Dispersal                Tloc           20%        N/A       90%         6
 Invisibility             Hex            20%        N/A       90%         6
 Haunt                    Necr/Summ      28%        N/A       99%         7
 Storm Form               Tmut/Air       28%        N/A       99%         7
 Chain Lightning          Conj/Air       46%        3d62      99%         9
 Monstrous Menagerie      Summ           20%        N/A       100%        7
 Summon Hydra             Summ           20%        N/A       100%        7
 Borgnjor's Revivificati  Necr           34%        N/A       100%        8
 Discord                  Hex            20%        N/A       100%        8
 Disjunction              Tloc           20%        N/A       100%        8
 Infestation              Necr           34%        N/A       100%        8
 Maxwell's Capacitive Co  Air            20%        ∞         100%        8
 Death's Door             Necr           34%        N/A       100%        9
 Dragon's Call            Summ           20%        N/A       100%        9
 Sublimation of Blood     Necr           Unusable   N/A       N/A         2

Dungeon Overview and Level Annotations

Branches:
Dungeon (15/15)            Temple (1/1) D:6            Lair (6/6) D:11
  Swamp (4/4) Lair:2       Spider (4/4) Lair:3        Slime (5/5) Lair:5
    Orc (2/2) D:9             Elf (3/3) Orc:2        Vaults (5/5) D:14
  Crypt (3/3) Vaults:3       Tomb (0/3) Crypt:3      Depths (4/4) D:15
    Zot (0/5) Depths:4      IceCv (visited)          WizLab (visited)
Gauntlet (visited)

Altars:
Ashenzari
Cheibriados
Elyvilon
Fedhas
Gozag
Hepliaklqana
Kikubaaqudgha
Makhleb
Nemelex Xobeh
Okawaru
Qazlal
Ru
Sif Muna
Uskayaw
Vehumet
Wu Jian
Xom
Yredelemnul
The Shining One
Jiyva
Lugonu

Shops:
D:5 [   D:11 [   D:13 =[   D:14 [   Orc:2 (([(   Elf:1 (   Elf:3 (([
Vaults:3 *:!   Depths:1 *   Depths:3 !*=**[   Depths:4 *!

Portals:
Hell: Depths:1 Depths:2 Depths:3 Depths:4
Abyss: Depths:3
Pandemonium: Depths:2 Depths:4

Annotations:
Elf:2 3 runed translucent doors


Innate Abilities, Weirdness & Mutations

You are immune to sickness and miasma.
Your stone body is resilient. (AC +20)
You are immune to poison.
Your large and strong wings let you fly.
You resist negative energy. (rN+)
You are resistant to electric shocks. (rElec)
You are resistant to unholy torment.
You are immune to petrification.
You have sharp toenails.
You have a somewhat thin skeletal structure. (Dex +2, Stealth+)
You are dopey. (Int -2)
Your flesh is heat resistant. (rF+)
You are weak. (Str -2)
Your spells are a little harder to cast, but a little more powerful.


Message History

Unknown command.
Unknown command.
Casting: Shatter (dangerous; 4% risk of failure)
Confirm with . or Enter, or press ? or * to list all spells.
The dungeon rumbles!
Mogoom is heavily wounded.
You kill the infernal black sun!
Vehumet accepts your kill.
You feel your power returning.
The sun demon is almost dead.
The Brimstone Fiend is moderately wounded.
The balrug is moderately wounded.
You kill the Hell Sentinel!
Vehumet accepts your kill.
You feel your power returning.
You kill the torturous black sun!
Vehumet accepts your kill.
You feel your power returning.
The Brimstone Fiend is almost dead.
Ka-crash!
Mogoom hits you! Space warps horribly around you!
* * * LOW HITPOINT WARNING * * *
The balrug gestures at you. The bolt of fire misses you.
Your Fighting skill increases to level 20!
Unknown command.
Unknown command.
Casting: Shatter (dangerous; 4% risk of failure)
Confirm with . or Enter, or press ? or * to list all spells.
The dungeon rumbles!
Mogoom is heavily wounded.
The sun demon is almost dead.
The balrug is almost dead.
You kill the Brimstone Fiend!
Vehumet accepts your kill.
You feel your power returning. Mogoom hits you!
* * * LOW HITPOINT WARNING * * *
Space warps horribly around you!
* * * LOW HITPOINT WARNING * * *
Mogoom hits you but does no damage. Space warps horribly around you!!
You die...

▓...........▓
▓▓▓▓▓▓▓...........▓▓▓▓▓▓
........................
$|)[....................
?[()..........#.........
")}.1...................
!)}.....................
?)?...&@................
)"|..)3.................
)!}.....................
):[.2.....#.............
........................
........................
▓▓▓▓▓▓▓...........▓▓▓▓▓▓
▓...........▓


You could see Mogoom (agile), a Brimstone Fiend, a balrug and a sun demon
(strong).

Vanquished Creatures
  the Royal Jelly (Slime:5)
  4 dread liches
  3 ancient liches
  Mara (Vaults:4)
  3 juggernauts
  3 royal mummies (Zig:14)
  Sojobo (Vaults:5)
  Frederick (Vaults:4)
  2 Killer Klowns (Zig:15)
  Saint Roka (Depths:1)
  A curse toe (Crypt:3)
  5 golden dragons
  Jory (Vaults:5)
  Nikola (Elf:3)
  2 Tzitzimimeh
  2 bone dragons
  3 Brimstone Fiends
  3 Hell Sentinels
  4 Ice Fiends
  5 tentacled monstrosities
  Rupert (Lair:3)
  8 liches
  5 quicksilver dragons
  2 titans (Vaults:5)
  Asterion (Elf:2)
  3 deep elf blademasters (Elf:3)
  3 Executioners
  18 acid blobs
  9 ancient champions
  3 sphinxes
  3 tentacled starspawn
  2 deep elf master archers (Elf:3)
  6 pandemonium lords
  A sphinx (shapeshifter) (Zig:15)
  Frances (Elf:1)
  Kirke (Lair:6)
  4 storm dragons
  Donald (Swamp:4)
  A shadow dragon (Depths:4)
  8 azure jellies (Slime:5)
  6 rockslimes
  2 blood saints
  3 fire giants
  8 tengu reavers
  2 draconian monks
  3 nagarajas (Zig:11)
  2 revenants
  4 balrugs
  8 deep elf sorcerers
  4 ghost moths
  7 frost giants
  18 vault wardens
  4 orc warlords
  4 draconian knights
  Aizul (Depths:1)
  An iron dragon (Depths:3)
  6 warmongers
  3 draconian scorchers
  A draconian shifter (Zig:10)
  The ghost of Welzeim the Tortoise, a journeyman MiFi of Ru (Orc:2)
  3 cacodemons
  3 curse skulls
  14 ghouls
  2 caustic shrike skeletons (Crypt:3)
  A draconian stormcaller (Zig:10)
  39 very ugly things
  13 ironbound preservers
  4 war gargoyles
  6 deep elf elementalists (Elf:3)
  8 emperor scorpions
  4 spriggan defenders
  A reaper (Zig:7)
  12 quicksilver oozes
  4 black suns
  9 vampire knights
  20 stone giants
  2 green draconians
  2 bennus (Zig:14)
  7 entropy weavers
  3 corrupters
  2 purple draconians
  A black draconian (Depths:4)
  A minotaur (Gauntlet)
  An entropy weaver (shapeshifter) (Vaults:5)
  3 deep elf demonologists
  3 white draconians
  7 deep elf annihilators
  17 spark wasps
  11 dire elephants
  3 red draconians
  6 bunyips
  9 deep elf death magi
  10 eidola
  4 blizzard demons
  2 crystal guardians (Vaults:4)
  18 yaktaur captains
  9 fire dragons
  16 jiangshi
  A quicksilver dragon zombie (Crypt:3)
  4 eleionomae
  5 mummy priests (Zig:14)
  Josephine (D:15)
  7 green deaths
  13 ettins
  5 deep elf high priests
  24 hydras
  A monstrous demonspawn (Depths:4)
  16 great orbs of eyes
  8 ironbound thunderhulks
  Fannar (D:10)
  A naga warrior (Zig:11)
  8 ice dragons
  A fenstrider witch zombie (Crypt:1)
  2 peacekeepers (Vaults:4)
  A hell beast (Zig:9)
  10 boulder beetles
  35 vault guards
  2 salamander tyrants (Zig:11)
  3 ghost crabs
  5 rakshasas
  A caustic shrike simulacrum (Crypt:1)
  2 spriggan air magi (Depths:4)
  2 quicksilver dragon skeletons
  A catoblepas (Lair:6)
  12 ironbound frosthearts
  7 ogre magi
  An anaconda (Zig:11)
  15 two-headed ogres
  12 centaur warriors
  An alligator (shapeshifter) (Vaults:5)
  4 death knights
  8 alligators
  21 death yaks
  11 deep troll shamans
  11 tengu warriors
  13 deep troll earth magi
  18 dancing weapons
  An orc high priest (Elf:1)
  3 naga sharpshooters (Zig:11)
  9 vampire magi
  6 spriggan berserkers
  2 thrashing horrors (Zig:6)
  A shock serpent (Zig:11)
  A hell knight (Vaults:5)
  2 titan zombies
  11 deep elf knights
  A sun demon (Abyss:2)
  A shock serpent (shapeshifter) (Zig:15)
  Nergalle (Orc:1)
  Sonja (Lair:3)
  5 soul eaters
  10 iron trolls
  3 wretched stars
  A titan skeleton (Vaults:4)
  6 sixfirhies
  A spark wasp zombie (Crypt:3)
  A storm dragon skeleton (Zig:14)
  35 skeletal warriors
  14 large abominations
  2 shadow wraiths
  2 fire crabs (Swamp:4)
  9 bog bodies
  A spatial maelstrom (Abyss:2)
  A sea snake (shapeshifter) (D:13)
  A shadow demon (Zig:13)
  An entropy weaver zombie (Crypt:1)
  A goliath frog (Swamp:4)
  2 spriggan druids
  8 swamp dragons
  7 flayed ghosts
  A naga ritualist (Zig:11)
  2 orange crystal statues (Zig:12)
  A golden dragon skeleton (Zig:14)
  9 deep elf archers
  Pikel (D:8)
  61 deep trolls
  An iron giant skeleton (Crypt:2)
  15 harpies
  20 ironbound convokers
  13 wizards
  4 glowing orange brains
  A shadow dragon zombie (Crypt:3)
  13 lindwurms
  A tengu zombie (Zig:14)
  13 orc knights
  An anaconda skeleton (Crypt:3)
  An iron dragon zombie (Zig:14)
  19 deep elf zephyrmancers
  6 necromancers
  12 phantasmal warriors
  A faun (shapeshifter) (Vaults:5)
  15 orb spiders
  6 mana vipers
  35 deep elf pyromancers
  An orc sorcerer (Zig:5)
  3 will-o-the-wisps
  23 wolf spiders
  61 ugly things
  2 human zombies
  A stone giant zombie (Vaults:4)
  3 shining eyes
  4 cyclopes
  20 elephants
  3 manticores
  A fire giant skeleton (Vaults:4)
  A torpor snail (shapeshifter) (Vaults:5)
  2 worldbinders
  A rust devil (Zig:16)
  6 apocalypse crabs
  A moth of wrath (Spider:4)
  2 iron dragon skeletons
  A spriggan zombie (Crypt:3)
  Joseph (D:9)
  A naga mage (Zig:11)
  An eye of devastation (Slime:2)
  A frost giant skeleton (Crypt:2)
  A moth of wrath (shapeshifter) (Zig:4)
  9 black mambas
  A guardian serpent (Zig:11)
  12 smoke demons
  3 torpor snails
  A cane toad (shapeshifter) (Depths:3)
  4 ice statues
  16 vault sentinels
  A red draconian zombie (Crypt:2)
  A black mamba (shapeshifter) (Vaults:5)
  A water nymph (shapeshifter) (Vaults:5)
  2 orange demons
  Maggie (D:8)
  8 cane toads
  A spriggan skeleton (Crypt:3)
  6 freezing wraiths
  2 yaktaur zombies (Vaults:4)
  A kobold demonologist (D:12)
  2 tormentors
  A komodo dragon (shapeshifter) (Elf:3)
  10 rime drakes
  4 tengu conjurers
  8 komodo dragons
  A yaktaur (shapeshifter) (D:14)
  2 ice devils
  52 yaktaurs
  6 demonic crawlers
  A red devil (Zig:13)
  A red draconian skeleton (Crypt:2)
  An ancient zyme (Zig:12)
  A hellwing (Zig:9)
  A white draconian skeleton (Crypt:3)
  A harpy zombie (Crypt:3)
  A yellow draconian skeleton (Crypt:3)
  20 jumping spiders
  A green draconian skeleton (Crypt:3)
  3 meliai (D:13)
  8 guardian mummies (Zig:14)
  A polar bear (Vaults:1)
  12 trolls
  10 hornets
  A hornet (shapeshifter) (D:14)
  2 bloated husks
  14 tyrant leeches
  12 dream sheep
  4 harpy skeletons
  A frost giant simulacrum (Vaults:1)
  10 blink frogs
  5 raiju
  52 slime creatures
  An ettin zombie (Abyss:2)
  2 black mamba zombies (Crypt:1)
  2 air elementals (Elf:3)
  15 starcursed masses
  2 centaur simulacra
  4 flying skulls
  48 redbacks
  13 spriggans
  14 water elementals
  A dire elephant simulacrum (Crypt:3)
  2 ushabtiu (Zig:14)
  23 tarantellas
  6 wraiths
  Eustachio (D:5)
  A wind drake zombie (Crypt:1)
  3 ynoxinuls
  6 fire elementals
  7 vampires
  A wyvern (D:10)
  27 yaks
  A basilisk (shapeshifter) (Depths:1)
  4 basilisks
  2 hogs (Lair:6)
  An ettin skeleton (Crypt:3)
  A tyrant leech zombie (Crypt:2)
  A redback simulacrum (D:15)
  15 vampire mosquitoes
  3 steam dragons
  A wind drake skeleton (Crypt:3)
  4 neqoxecs
  4 chaos spawn
  Menkaure (D:5)
  2 two-headed ogre zombies (WizLab)
  9 wargs
  2 nagas (Zig:11)
  9 swamp worms
  2 spatial vortices (Abyss:2)
  A gelid demonspawn zombie (Crypt:3)
  A swamp worm (shapeshifter) (Depths:4)
  21 water moccasins
  A floating eye (Zig:8)
  An acid dragon (D:13)
  A human simulacrum (Vaults:4)
  A deep troll skeleton (Crypt:1)
  31 orc warriors
  4 sky beasts
  A monstrous demonspawn skeleton (Crypt:2)
  12 small abominations
  A black bear (shapeshifter) (D:13)
  12 swamp drakes
  5 black bears
  3 necrophages
  5 centaurs
  2 snapping turtle skeletons (Crypt:1)
  4 human skeletons (Vaults:4)
  25 ogres
  21 wolves
  A lemure (D:8)
  2 kobold brigands
  Blork the orc (D:5)
  9 bullfrogs
  An octopode zombie (Crypt:2)
  2 earth elementals
  A draconian skeleton (Crypt:2)
  3 gnoll sergeants (D:5)
  3 scorpions
  A wyvern skeleton (D:7)
  A water moccasin zombie (D:6)
  A warg zombie (Crypt:2)
  4 killer bees (D:10)
  6 troll zombies (WizLab)
  A lindwurm simulacrum (IceCv)
  A troll skeleton (Crypt:1)
  16 wights
  2 howler monkeys (D:12)
  14 electric eels
  2 bullfrog zombies (D:6)
  6 centaur zombies
  2 lava snakes
  10 hounds
  9 komodo dragon simulacra (IceCv)
  A quasit (Abyss:2)
  11 iron imps
  A jelly (D:6)
  2 gnoll shamans
  2 centaur skeletons
  2 bullfrog skeletons
  18 orc priests
  A basilisk skeleton (Crypt:1)
  2 iguanas
  19 orc wizards
  2 polar bear simulacra (Lair:5)
  4 yak simulacra (Lair:5)
  A killer bee zombie (D:7)
  3 wolf simulacra (Lair:5)
  7 ogre zombies
  A hound zombie (D:5)
  5 hound skeletons
  11 mummies (Zig:14)
  14 gnolls
  5 acid dragon simulacra (IceCv)
  18 adders
  2 shadow imps (D:6)
  3 white imps
  6 steam dragon simulacra (IceCv)
  2 ufetubi
  3 worm zombies (D:8)
  An adder zombie (D:3)
  5 adder skeletons
  A worm (D:2)
  A worm (shapeshifter) (Depths:3)
  A dart slug (D:1)
  70 orcs
  7 ball pythons
  9 endoplasms
  2 giant cockroaches
  A gnoll zombie (Crypt:3)
  3 goblins
  3 hobgoblins
  7 jackals
  15 kobolds
  6 quokkas
  4 bats
  2 frilled lizards (D:2)
  A rat (D:1)
  2 river rat simulacra (Lair:5)
  4 fire vortices
  2 starspawn tentacles (Abyss:2)
2439 creatures vanquished.

Vanquished Creatures (collateral kills)
  An acid blob (Slime:5)
  An azure jelly (Slime:5)
  A cacodemon (Zig:13)
  A draconian scorcher (Zig:10)
  A spriggan druid (Swamp:3)
  A centaur zombie (D:11)
  2 yaktaurs (D:14)
  4 centaurs
  2 mummies (Zig:14)
14 creatures vanquished.

Vanquished Creatures (others)
  2 pandemonium lords (Zig:15)
  2 Killer Klowns (Zig:15)
  A fire giant (shapeshifter) (Zig:15)
  2 centaur warriors (D:13)
  2 ugly things (D:14)
  3 deep elf zephyrmancers
  A bloated husk (Swamp:4)
  A hornet (Depths:4)
  A redback (Spider:1)
  A yak (D:8)
  A water moccasin (Lair:6)
  3 swamp drakes
  An orc priest (Depths:1)
  2 adders (Lair:3)
  An orc (D:8)
  5 ball lightnings (Zig:15)
  15 bushes
  51 fire vortices
  26 foxfires
  43 fungi
  80 plants
  2 starspawn tentacles (Abyss:2)
246 creatures vanquished.

Grand Total: 2699 creatures vanquished

Notes
Turn   | Place    | Note
-------+----------+-------------------------------------------
     0 | D:1      | hfdsek the Gargoyle Earth Elementalist began the quest for
                  | the Orb.
     0 | D:1      | Reached XP level 1. HP: 10/10 MP: 3/3
   454 | D:1      | Reached skill level 4 in Earth Magic
   454 | D:1      | Reached XP level 2. HP: 15/15 MP: 5/5
   810 | D:1      | Found a faded altar of an unknown god.
  1356 | D:2      | Reached XP level 3. HP: 11/19 MP: 2/7
  1501 | D:2      | Learned a level 3 spell: Stone Arrow
  1711 | D:2      | Learned a level 2 spell: Passwall
  2238 | D:3      | Found a hazy altar of Hepliaklqana.
  2246 | D:3      | Identified a scroll of acquirement
  2246 | D:3      | Acquired 847 gold pieces
  2311 | D:3      | Reached skill level 1 in Conjurations
  2311 | D:3      | Reached XP level 4. HP: 17/24 MP: 8/8
  2915 | D:3      | Found an iron altar of Okawaru.
  3269 | D:3      | Reached skill level 5 in Earth Magic
  3423 | D:3      | Gained mutation: You are clumsy. (Dex -2) [potion of
                  | mutation]
  3423 | D:3      | Gained mutation: You are partially covered in iridescent
                  | scales. (AC +2) [potion of mutation]
  3535 | D:4      | Reached XP level 5. HP: 27/28 MP: 3/10
  3642 | D:4      | Found a snail-covered altar of Cheibriados.
  3955 | D:4      | Reached XP level 6. HP: 32/32 MP: 7/11
  4426 | D:5      | Entered Level 5 of the Dungeon
  4442 | D:5      | Found Caply's Antique Armour Emporium.
  4497 | D:5      | Noticed Eustachio
  4527 | D:5      | Killed Eustachio
  4528 | D:5      | Reached skill level 6 in Earth Magic
  4702 | D:5      | Reached XP level 7. HP: 36/36 MP: 9/13
  4834 | D:5      | Noticed Blork the orc
  4840 | D:5      | Killed Blork the orc
  5185 | D:5      | Reached skill level 7 in Earth Magic
  5233 | D:5      | Reached skill level 5 in Spellcasting
  5326 | D:5      | Reached skill level 5 in Conjurations
  5326 | D:5      | Reached XP level 8. HP: 41/41 MP: 2/15
  5788 | D:5      | Noticed Menkaure
  5789 | D:5      | Noticed a hornet
  5791 | D:5      | Killed Menkaure
  5794 | D:5      | Killed a hornet
  5795 | D:5      | Reached skill level 8 in Earth Magic
  6122 | D:5      | Found a burning altar of Makhleb.
  6341 | D:6      | Reached XP level 9. HP: 46/46 MP: 11/18
  6411 | D:6      | Reached skill level 1 in Fighting
  6411 | D:6      | Reached skill level 1 in Armour
  6535 | D:6      | Reached skill level 1 in Evocations
  6544 | D:6      | Reached skill level 1 in Maces & Flails
  6791 | D:6      | Lost mutation: You are partially covered in iridescent
                  | scales. (AC +2) [potion of mutation]
  6791 | D:6      | Gained mutation: Your flesh is heat resistant. (rF+)
                  | [potion of mutation]
  6791 | D:6      | Gained mutation: Your spells are a little harder to cast,
                  | but a little more powerful. [potion of mutation]
  6837 | D:6      | Found a hide-covered altar of Uskayaw.
  6952 | D:6      | Found a staircase to the Ecumenical Temple.
  6981 | Temple   | Entered the Ecumenical Temple
  6995 | Temple   | Became a worshipper of Vehumet
  8065 | D:8      | Noticed Maggie
  8073 | D:8      | Killed Maggie
  8074 | D:8      | Reached skill level 9 in Earth Magic
  8264 | D:8      | Noticed a seven-headed hydra
  8264 | D:8      | Noticed a deep elf pyromancer
  8269 | D:8      | Noticed a death knight
  8507 | D:8      | Noticed a red ugly thing
  8681 | D:8      | Killed a deep elf pyromancer
  8682 | D:8      | Reached XP level 10. HP: 38/56 MP: 12/20
  8699 | D:8      | Noticed Pikel
  8702 | D:8      | Killed Pikel
  8821 | D:8      | Found an ornate altar of the Wu Jian Council.
  8858 | D:8      | Found a sacrificial altar of Ru.
  8945 | D:8      | Killed a death knight
  9129 | D:8      | Found an opulent altar of Gozag.
  9151 | D:8      | Killed a red ugly thing
  9685 | D:9      | Reached * piety under Vehumet
  9685 | D:9      | Offered knowledge of Magic Dart by Vehumet.
 10059 | D:9      | Found a staircase to the Orcish Mines.
 10141 | D:9      | Noticed Joseph
 10159 | D:9      | Killed Joseph
 10332 | D:9      | Noticed a cyclops
 10338 | D:9      | Killed a cyclops
 10641 | D:9      | Found a glowing golden altar of the Shining One.
 10720 | D:9      | Noticed a two-headed ogre
 10726 | D:9      | Killed a two-headed ogre
 10727 | D:9      | Reached skill level 10 in Earth Magic
 10727 | D:9      | Reached XP level 11. HP: 62/62 MP: 11/22
 10811 | D:9      | Reached skill level 5 in Armour
 11273 | D:10     | Entered Level 10 of the Dungeon
 11528 | D:10     | Noticed Fannar
 11539 | D:10     | Killed Fannar
 11540 | D:10     | Reached skill level 5 in Fighting
 11808 | D:10     | Reached ** piety under Vehumet
 11983 | D:10     | Offered knowledge of Poisonous Vapours by Vehumet.
 12023 | D:10     | Reached skill level 5 in Maces & Flails
 12986 | D:11     | Noticed a two-headed ogre
 13070 | D:11     | Found Joh Buqu's Antique Armour Boutique.
 13157 | D:11     | Killed a two-headed ogre
 13214 | D:11     | Offered knowledge of Mephitic Cloud by Vehumet.
 13231 | D:11     | Found a staircase to the Lair.
 13459 | D:11     | Reached skill level 5 in Evocations
 13459 | D:11     | Reached XP level 12. HP: 69/69 MP: 23/23
 13754 | D:11     | Learned a level 6 spell: Iron Shot
 14094 | D:12     | Noticed a two-headed ogre
 14099 | D:12     | Killed a two-headed ogre
 14100 | D:12     | Reached skill level 5 in Dodging
 14392 | D:12     | Reached skill level 11 in Earth Magic
 15246 | D:13     | Noticed a two-headed ogre
 15251 | D:13     | Found a gate leading to a gauntlet.
 15261 | Gauntlet | Entered a Gauntlet
 15261 | Gauntlet | Found a transporter.
 15261 | Gauntlet | Found a transporter.
 15263 | Gauntlet | Noticed a soul eater
 15265 | Gauntlet | Found a transporter.
 15265 | Gauntlet | Found a transporter.
 15265 | Gauntlet | Found a transporter.
 15265 | Gauntlet | Found a transporter.
 15273 | Gauntlet | Noticed a soul eater
 15277 | Gauntlet | Found a transporter.
 15279 | Gauntlet | Found a transporter.
 15286 | Gauntlet | Noticed a ghost crab
 15289 | Gauntlet | Found a transporter.
 15289 | Gauntlet | Noticed a death yak
 15291 | Gauntlet | Noticed a death yak
 15291 | Gauntlet | Noticed a death yak
 15293 | Gauntlet | Noticed a death yak
 15294 | Gauntlet | Found a transporter.
 15315 | Gauntlet | Found a transporter.
 15317 | Gauntlet | Found a transporter.
 15490 | Gauntlet | Killed a soul eater
 15761 | Gauntlet | Identified the +4 trident "Lossi" {flame, rElec}
 15797 | Gauntlet | Killed a ghost crab
 15920 | Gauntlet | Noticed a minotaur
 15933 | Gauntlet | Killed a minotaur
 15961 | Gauntlet | Got Mostrez's Handbook of Translocation
 16032 | Gauntlet | Identified the +4 steam dragon scales "Qeric" {Dex+4}
 16033 | Gauntlet | Got the Almanac of Fiery Transformation
 16073 | D:13     | Noticed a boulder beetle
 16073 | D:13     | Noticed a two-headed ogre
 16080 | D:13     | Killed a two-headed ogre
 16166 | D:13     | Found Qeerrey's Armour Emporium.
 16495 | D:13     | Killed a boulder beetle
 16496 | D:13     | Killed a two-headed ogre
 16665 | D:13     | Found Qyezitz's Jewellery Shoppe.
 16665 | D:13     | Noticed an eight-headed hydra
 16665 | D:13     | Noticed a centaur warrior
 16665 | D:13     | Noticed a centaur warrior
 16674 | D:13     | Killed a centaur warrior
 16680 | D:13     | Killed an eight-headed hydra
 16816 | D:13     | Bought the amulet "Pisom" {Reflect rC+++ rN+ rCorr SH+5
                  | SInv} for 1032 gold pieces
 16893 | D:13     | Reached XP level 13. HP: 44/76 MP: 4/25
 16915 | D:13     | Reached *** piety under Vehumet
 18034 | D:14     | Reached skill level 10 in Conjurations
 18463 | D:14     | Reached skill level 12 in Earth Magic
 18719 | D:14     | Offered knowledge of Olgreb's Toxic Radiance by Vehumet.
 18993 | D:14     | Found a gate to the Vaults.
 19389 | D:14     | Found Marowig's Antique Armour Shoppe.
 19598 | D:14     | Reached **** piety under Vehumet
 19808 | D:14     | Gained mutation: Your large and strong wings let you fly.
                  | [Gargoyle growth]
 19808 | D:14     | Reached XP level 14. HP: 33/84 MP: 22/27
 20256 | D:14     | Noticed a deep elf annihilator
 20258 | D:14     | Killed a deep elf annihilator
 20590 | D:14     | Found the +0 staff of Battle
 20895 | Lair:1   | Entered Level 1 of the Lair of Beasts
 21283 | Lair:1   | Offered knowledge of Fireball by Vehumet.
 21379 | Lair:1   | Learned a level 5 spell: Fireball
 21772 | Lair:2   | Found a frozen archway.
 21782 | IceCv    | Entered an ice cave
 22096 | IceCv    | Reached skill level 1 in Fire Magic
 22659 | IceCv    | Noticed a white draconian
 22664 | IceCv    | Killed a white draconian
 22680 | IceCv    | Found the +4 skin of Zhor {*Englaciate rC+++ SInv}
 22740 | IceCv    | Identified the ring "Piojoow" {rElec rN+ SInv Stlth+}
 22936 | Lair:2   | Found a staircase to the Swamp.
 23708 | Lair:2   | Reached ***** piety under Vehumet
 24174 | Lair:3   | Acquired a +2 eveningstar of protection
 24204 | Lair:3   | Noticed Rupert
 24219 | Lair:3   | Killed Rupert
 24264 | Lair:3   | Reached skill level 13 in Earth Magic
 24334 | Lair:3   | Offered knowledge of Lee's Rapid Deconstruction by Vehumet.
 24374 | Lair:3   | Learned a level 5 spell: Lee's Rapid Deconstruction
 24991 | Lair:3   | Noticed Sonja
 25016 | Lair:3   | Reached XP level 15. HP: 82/91 MP: 28/28
 25044 | Lair:3   | Reached skill level 10 in Spellcasting
 25345 | Lair:3   | Found a hole to the Spider Nest.
 25577 | Lair:3   | Killed Sonja
 25991 | Lair:4   | Reached skill level 5 in Fire Magic
 27088 | Lair:5   | Offered knowledge of Conjure Ball Lightning by Vehumet.
 27460 | Lair:5   | Found a runed translucent door.
 27462 | Lair:5   | Found a viscous altar of Jiyva.
 27463 | Lair:5   | Found a staircase to the Slime Pits.
 27565 | Lair:6   | Entered Level 6 of the Lair of Beasts
 28130 | Lair:5   | Learned a level 6 spell: Starburst
 28782 | Lair:6   | Reached skill level 10 in Fighting
 28886 | Lair:6   | Identified the +5 falchion "Goblinbane" {pain, Dex+4}
 29164 | Lair:6   | Noticed Kirke
 29169 | Lair:6   | Killed Kirke
 29846 | Lair:6   | Reached XP level 16. HP: 12/97 MP: 22/30
 30442 | Orc:1    | Entered Level 1 of the Orcish Mines
 30623 | Orc:1    | Noticed Nergalle
 30641 | Orc:1    | Killed Nergalle
 30872 | Orc:2    | Entered Level 2 of the Orcish Mines
 30873 | Orc:2    | Found Izileukh's Antique Armour Boutique.
 31337 | Orc:2    | Found a runed translucent door.
 31342 | Orc:2    | Noticed Welzeim's ghost (journeyman MiFi)
 31362 | Orc:2    | Killed Welzeim's ghost
 31370 | Orc:2    | Identified the ring of the Tentacled Coconut {rF+ rCorr
                  | Int+6}
 31846 | Orc:2    | Offered knowledge of Spellforged Servitor by Vehumet.
 31849 | Orc:2    | Reached skill level 14 in Earth Magic
 32103 | Orc:2    | Paralysed by an ogre mage for 3 turns
 32110 | Orc:2    | Found Jaosiv's Antique Armour Emporium.
 32313 | Orc:2    | Found Huphec's Antique Weapon Shoppe.
 32324 | Orc:2    | Found Fuwk's Weapon Shop.
 32343 | Orc:2    | Found Mylurch's Weapon Shoppe.
 32649 | Orc:2    | Found a staircase to the Elven Halls.
 32819 | Orc:2    | Bought a smoking morningstar for 306 gold pieces
 32819 | Orc:2    | Identified the +9 morningstar of Fortitude {venom, rElec
                  | MP-9 Str+7} (You bought it in a shop on level 2 of the
                  | Orcish Mines)
 32824 | Orc:2    | Bought a faintly glowing whip for 255 gold pieces
 32824 | Orc:2    | Identified the +4 whip of Begot {drain, *Rage rF++ Int+2}
                  | (You bought it in a shop on level 2 of the Orcish Mines)
 33110 | D:15     | Entered Level 15 of the Dungeon
 33111 | D:15     | Noticed Josephine
 33114 | D:15     | Killed Josephine
 33346 | D:15     | Reached skill level 10 in Maces & Flails
 33807 | D:15     | Found a staircase to the Depths.
 34815 | Spider:1 | Entered Level 1 of the Spider Nest
 34826 | Spider:1 | Offered knowledge of Iskenderun's Battlesphere by Vehumet.
 35380 | Spider:1 | Reached XP level 17. HP: 102/104 MP: 32/32
 37000 | Spider:2 | You are sucked into a shaft and drop 1 floor!
 37780 | Spider:3 | Offered knowledge of Eringya's Noxious Bog by Vehumet.
 38385 | Spider:4 | Entered Level 4 of the Spider Nest
 38510 | Swamp:1  | Entered Level 1 of the Swamp
 39694 | Swamp:2  | Reached skill level 10 in Fire Magic
 40135 | Swamp:3  | Reached skill level 15 in Earth Magic
 41055 | Elf:1    | Entered Level 1 of the Elven Halls
 41130 | Elf:1    | Found a magical portal.
 41139 | WizLab   | Entered Zonguldrok's Shrine
 41186 | WizLab   | Offered knowledge of Yara's Violent Unravelling by Vehumet.
 41333 | WizLab   | Reached XP level 18. HP: 98/112 MP: 30/33
 41496 | WizLab   | Reached skill level 10 in Evocations
 41651 | WizLab   | Noticed an antique lich
 41655 | WizLab   | Killed an antique lich
 41728 | WizLab   | Found the +9 sword of Zonguldrok {reap}
 41738 | WizLab   | Got the Grimoire of Sinister Rites
 41869 | Elf:1    | Noticed Frances
 41882 | Elf:1    | Killed Frances
 41949 | Elf:1    | Identified the +8 rapier of Gravity {drain, rC+ rN+ Str-5
                  | SInv}
 43481 | Elf:1    | Found Jujohef's Weapon Shoppe.
 43574 | Elf:2    | Reached ****** piety under Vehumet
 43972 | Elf:2    | Got the Volume of Sand
 44009 | Elf:2    | Found Ryiwkil's Distillery.
 44018 | Elf:2    | Bought a potion of heal wounds for 60 gold pieces
 44018 | Elf:2    | Bought a potion of haste for 120 gold pieces
 44018 | Elf:2    | Bought a potion of brilliance for 48 gold pieces
 44018 | Elf:2    | Bought a potion of might for 48 gold pieces
 44018 | Elf:2    | Bought a potion of heal wounds for 60 gold pieces
 44018 | Elf:2    | Bought a potion of ambrosia for 96 gold pieces
 44018 | Elf:2    | Bought a potion of curing for 36 gold pieces
 44067 | Elf:2    | Found a runed translucent gate.
 44067 | Elf:2    | Found a runed translucent gate.
 44068 | Elf:2    | Found a runed translucent gate.
 44297 | Elf:2    | Got Xymit's Almanac of Dhcmrlchtdj
 44308 | Elf:2    | Got Ts'ui Pên's Incunabulum of Forking Paths
 44375 | Elf:2    | Noticed Asterion
 44376 | Elf:2    | Offered knowledge of Lehudib's Crystal Spear by Vehumet.
 44383 | Elf:2    | Killed Asterion
 44701 | Elf:3    | Entered Level 3 of the Elven Halls
 44729 | Elf:3    | Found Neskaot's Armour Boutique.
 44755 | Elf:3    | Found Siebumih's Weapon Shoppe.
 44760 | Elf:3    | Found Xezaj's Weapon Shoppe.
 45078 | Elf:3    | Noticed Nikola
 45084 | Elf:3    | Killed Nikola
 45364 | Elf:3    | Paralysed by an air elemental for 1 turns
 45396 | Elf:3    | Reached XP level 19. HP: 98/118 MP: 3/35
 45870 | Elf:3    | Reached skill level 10 in Dodging
 46170 | Elf:3    | Reached skill level 16 in Earth Magic
 46170 | Elf:3    | Noticed a Hell Sentinel
 46986 | Elf:3    | Identified the +5 chain mail "Izaroifa" {Slay+2}
 47190 | Elf:3    | Identified the +0 robe of Ecusehu {rElec rN+ Dex-4}
 47206 | Elf:3    | Got the Papyrus of the Creative Rocks
 47277 | Elf:3    | Got Zylisum's Catalogue of the Enchanting Snowflakes
 47425 | Elf:3    | Found Neskaot's Armour Boutique.
 47597 | Elf:3    | Found Siebumih's Weapon Shoppe.
 47604 | Elf:3    | Found Xezaj's Weapon Shoppe.
 49524 | Spider:4 | Offered knowledge of Polar Vortex by Vehumet.
 49524 | Spider:4 | Offered knowledge of Ignition by Vehumet.
 49535 | Spider:4 | Learned a level 8 spell: Ignition
 50251 | Spider:4 | Got a gossamer rune of Zot
 50696 | Swamp:4  | Entered Level 4 of the Swamp
 51393 | Swamp:4  | Reached XP level 20. HP: 125/125 MP: 11/36
 51571 | Swamp:4  | Got a decaying rune of Zot
 51776 | Swamp:4  | Noticed Donald
 51785 | Swamp:4  | Killed Donald
 52662 | Vaults:1 | Entered Level 1 of the Vaults
 52674 | Vaults:1 | Learned a level 9 spell: Shatter
 53051 | Vaults:1 | Reached skill level 17 in Earth Magic
 53653 | Vaults:1 | Reached skill level 18 in Earth Magic
 54775 | Vaults:2 | Reached skill level 15 in Conjurations
 55723 | Vaults:2 | Identified the +8 glaive of Kidwyuxt {freeze, *Rage rElec
                  | Str-5}
 55825 | Vaults:2 | Reached XP level 21. HP: 86/131 MP: 38/38
 57286 | Vaults:3 | Reached skill level 19 in Earth Magic
 57526 | Vaults:3 | Found Mayd's General Store.
 57534 | Vaults:3 | Bought a potion of haste for 140 gold pieces
 57534 | Vaults:3 | Bought a scroll of acquirement for 728 gold pieces
 57534 | Vaults:3 | Bought a potion of heal wounds for 70 gold pieces
 57534 | Vaults:3 | Acquired 1147 gold pieces
 57718 | Vaults:3 | Found a staircase to the Crypt.
 58204 | Vaults:3 | Found Hegisim's Book Shop.
 58303 | Vaults:3 | Identified the +9 battleaxe "Undertaker" {drain, Int+4}
 58853 | Vaults:3 | Found Laonk's Distillery.
 58862 | Vaults:3 | Bought a potion of berserk rage for 55 gold pieces
 58862 | Vaults:3 | Bought a potion of berserk rage for 55 gold pieces
 58862 | Vaults:3 | Bought a potion of heal wounds for 55 gold pieces
 58862 | Vaults:3 | Bought a potion of curing for 33 gold pieces
 58862 | Vaults:3 | Bought 3 potions of might for 132 gold pieces
 58862 | Vaults:3 | Bought 2 potions of might for 88 gold pieces
 58862 | Vaults:3 | Bought a potion of mutation for 88 gold pieces
 58862 | Vaults:3 | Bought a potion of resistance for 110 gold pieces
 59295 | Vaults:4 | Noticed Frederick
 59304 | Vaults:4 | Killed Frederick
 59858 | Vaults:4 | Cast into level 2 of the Abyss (a wizard)
 60025 | Abyss:2  | Reached XP level 22. HP: 114/138 MP: 13/39
 60101 | Abyss:2  | Found a stormy altar of Qazlal.
 60158 | Abyss:2  | Gained mutation: You sometimes lose the ability to read
                  | scrolls when taking damage. [a neqoxec]
 60266 | Abyss:2  | Found a stormy altar of Qazlal.
 60401 | Abyss:2  | Reached skill level 20 in Earth Magic
 60568 | Vaults:4 | Escaped the Abyss
 60941 | Vaults:4 | Paralysed by a great orb of eyes for 5 turns
 61363 | Vaults:4 | Reached skill level 15 in Fighting
 61527 | Vaults:4 | Noticed Mara
 61530 | Vaults:4 | Reached skill level 15 in Fire Magic
 61531 | Vaults:4 | Killed Mara
 62325 | Vaults:5 | Entered Level 5 of the Vaults
 62325 | Vaults:5 | Noticed Sojobo
 62329 | Vaults:5 | Killed Sojobo
 62330 | Vaults:5 | Noticed a golden dragon
 62333 | Vaults:5 | Reached skill level 21 in Earth Magic
 62338 | Vaults:5 | Killed a golden dragon
 62339 | Vaults:5 | Reached XP level 23. HP: 145/145 MP: 32/41
 62349 | Vaults:5 | Noticed Jory
 62352 | Vaults:5 | Noticed a golden dragon
 62353 | Vaults:5 | Killed Jory
 62353 | Vaults:5 | Noticed an ancient lich
 62353 | Vaults:5 | Noticed a dread lich
 62354 | Vaults:5 | Noticed a dread lich
 62356 | Vaults:5 | Killed a dread lich
 62356 | Vaults:5 | Killed an ancient lich
 62357 | Vaults:5 | Killed a dread lich
 62361 | Vaults:5 | Killed a golden dragon
 62361 | Vaults:5 | Noticed a golden dragon
 62362 | Vaults:5 | Noticed a golden dragon
 62594 | Vaults:5 | Killed a golden dragon
 62596 | Vaults:5 | Killed a golden dragon
 62630 | Vaults:5 | Found the +8 demon trident "Rift" {distort, reach+}
 62632 | Vaults:5 | Reached skill level 22 in Earth Magic
 63490 | Vaults:5 | Got a silver rune of Zot
 63509 | Vaults:5 | Identified the +1 helmet "Liema" {*Corrode rPois Regen+
                  | Stlth-}
 63621 | Vaults:5 | Got the Almanac of the Frigorific Oath
 64033 | Depths:1 | Entered Level 1 of the Depths
 64059 | Depths:1 | Reached skill level 15 in Maces & Flails
 64191 | Depths:1 | Paralysed by a great orb of eyes for 4 turns
 64192 | Depths:1 | Reached XP level 24. HP: 125/152 MP: 41/41
 64374 | Depths:1 | Noticed Saint Roka
 64379 | Depths:1 | Killed Saint Roka
 64383 | Depths:1 | Noticed Aizul
 64393 | Depths:1 | Killed Aizul
 64843 | Depths:1 | Found Hiotitt's Elemental Accessories.
 65102 | Depths:1 | Reached skill level 15 in Spellcasting
 65244 | Depths:1 | Acquired 1252 gold pieces
 65274 | Depths:1 | Found a gateway to Hell.
 65664 | Crypt:1  | Entered Level 1 of the Crypt
 65687 | Crypt:1  | Found a corrupted altar of Lugonu.
 67927 | Crypt:2  | Paralysed by a vampire knight for 6 turns
 68920 | Crypt:3  | Entered Level 3 of the Crypt
 69141 | Crypt:3  | Found an ancient bone altar of Kikubaaqudgha.
 70694 | Crypt:3  | Reached XP level 25. HP: 156/160 MP: 29/42
 70782 | Crypt:3  | Learned a level 9 spell: Polar Vortex
 70782 | Crypt:3  | Noticed a dread lich
 70791 | Crypt:3  | Killed a dread lich
 71275 | Crypt:3  | Found an ancient bone altar of Kikubaaqudgha.
 71278 | Crypt:3  | Found a basalt altar of Yredelemnul.
 71319 | Crypt:3  | Got the Volume of Stolen Souls
 71451 | Crypt:3  | Found a staircase to the Tomb.
 71578 | Crypt:3  | Found a staircase to the Tomb.
 71779 | Crypt:3  | Found an ancient bone altar of Kikubaaqudgha.
 71967 | Crypt:3  | Found an ancient bone altar of Kikubaaqudgha.
 71969 | Crypt:3  | Found a basalt altar of Yredelemnul.
 72433 | Depths:2 | Found a runed translucent door.
 72458 | Depths:2 | Noticed a dread lich
 72460 | Depths:2 | Killed a dread lich
 73275 | Depths:2 | Identified the -6 pair of boots of the Devil's Team
                  | {Rampage +Blink rF+ Will-}
 74068 | Depths:2 | Found a one-way gate leading to the halls of Pandemonium.
 74465 | Depths:3 | Found Usus's General Store.
 74497 | Depths:3 | Bought a potion of magic for 136 gold pieces
 74497 | Depths:3 | Bought 2 potions of magic for 272 gold pieces
 74502 | Depths:3 | Found a gateway to a ziggurat.
 74694 | Depths:3 | Found Vus Uwien's Jewellery Boutique.
 74701 | Depths:3 | Found Meoc's Assorted Antiques.
 74702 | Depths:3 | Found Iluagoxt's Distillery.
 74716 | Depths:3 | Reached XP level 26. HP: 168/168 MP: 27/43
 74727 | Depths:3 | Bought a potion of mutation for 96 gold pieces
 74727 | Depths:3 | Bought a potion of curing for 36 gold pieces
 74727 | Depths:3 | Bought a potion of heal wounds for 60 gold pieces
 74727 | Depths:3 | Bought 2 potions of cancellation for 192 gold pieces
 74727 | Depths:3 | Bought a potion of curing for 36 gold pieces
 74739 | Depths:3 | Bought a potion of magic for 280 gold pieces
 74739 | Depths:3 | Bought a potion of magic for 280 gold pieces
 74739 | Depths:3 | Bought a potion of curing for 105 gold pieces
 74739 | Depths:3 | Bought a potion of curing for 105 gold pieces
 74739 | Depths:3 | Bought a scroll of blinking for 262 gold pieces
 74739 | Depths:3 | Bought a potion of invisibility for 280 gold pieces
 74813 | Depths:3 | You are sucked into a shaft and drop 1 floor!
 74813 | Depths:4 | Entered Level 4 of the Depths
 74818 | Depths:4 | Found Aneogu Luiz's Assorted Antiques.
 75041 | Depths:3 | Found Dunal's Antique Armour Shoppe.
 75047 | Depths:3 | Identified the +1 pair of boots "Leguph" {rElec Will++
                  | Str+2 Int+3}
 75085 | Depths:3 | Noticed a juggernaut
 75092 | Depths:3 | Killed a juggernaut
 75200 | Depths:3 | Found a shimmering altar of Xom.
 75211 | Depths:3 | Found a one-way gate to the infinite horrors of the Abyss.
 75269 | Depths:3 | Noticed a juggernaut
 75457 | Depths:3 | Killed a juggernaut
 75700 | Depths:3 | Identified the +3 dagger "Ultimatum" {vorpal, *Noise rC+
                  | Int+2 Dex+3}
 76084 | Depths:4 | Reached skill level 1 in Ice Magic
 76185 | Depths:4 | Bought a potion of curing for 87 gold pieces
 76253 | Depths:4 | Found a gate to the Realm of Zot.
 76536 | Depths:4 | Found Ymumis's Distillery.
 76545 | Depths:4 | Bought a potion of heal wounds for 70 gold pieces
 76545 | Depths:4 | Bought a potion of curing for 42 gold pieces
 76545 | Depths:4 | Bought a potion of curing for 42 gold pieces
 76545 | Depths:4 | Bought a potion of cancellation for 112 gold pieces
 76545 | Depths:4 | Bought a potion of brilliance for 56 gold pieces
 76545 | Depths:4 | Bought a potion of haste for 140 gold pieces
 76545 | Depths:4 | Bought a potion of invisibility for 112 gold pieces
 76545 | Depths:4 | Bought a potion of resistance for 140 gold pieces
 77177 | Slime:1  | Entered Level 1 of the Pits of Slime
 77249 | Slime:5  | Entered Level 5 of the Pits of Slime
 77395 | Slime:4  | Learned a level 9 spell: Fire Storm
 77458 | Slime:5  | Gained mutation: You are dopey. (Int -2) [a shining eye]
 77589 | Slime:5  | Noticed the Royal Jelly
 77592 | Slime:5  | Killed the Royal Jelly
 77593 | Slime:5  | Reached skill level 5 in Ice Magic
 77722 | Slime:5  | Found the +3 Elemental Staff {rElec rF++ rC++ AC+5}
 77758 | Slime:5  | Identified the ring "Fuptil" {Fly rN+ Will- Slay+3}
 77775 | Slime:5  | Acquired 597 gold pieces
 77828 | Slime:5  | Got a slimy rune of Zot
 77830 | Slime:5  | Identified the ring "Peawaq" {Drain Fly rC+ MP+9}
 77858 | Slime:5  | Identified the +10 morningstar of the Brain {drain, Str-5
                  | Dex+4 SInv}
 77892 | Slime:5  | Identified the +8 falchion of Invincibility {flame, rF++
                  | Str+4}
 78132 | Lair:5   | Lost mutation: You sometimes lose the ability to read
                  | scrolls when taking damage. [potion of mutation]
 78132 | Lair:5   | Lost mutation: You are clumsy. (Dex -2) [potion of
                  | mutation]
 78132 | Lair:5   | Gained mutation: You passively dampen the noise of your
                  | surroundings. [potion of mutation]
 78132 | Lair:5   | Gained mutation: You are occasionally teleported next to
                  | monsters. [potion of mutation]
 78133 | Lair:5   | Lost mutation: You are occasionally teleported next to
                  | monsters. [potion of mutation]
 78133 | Lair:5   | Lost mutation: You passively dampen the noise of your
                  | surroundings. [potion of mutation]
 78133 | Lair:5   | Gained mutation: You have sharp toenails. [potion of
                  | mutation]
 78133 | Lair:5   | Gained mutation: You have a somewhat thin skeletal
                  | structure. (Dex +2, Stealth+) [potion of mutation]
 78394 | Zig:1    | Entered Level 1 of a ziggurat
 78410 | Zig:2    | Entered Level 2 of a ziggurat
 78428 | Zig:2    | Identified the +8 long sword "Nokhoixt" {antimagic, rC++}
 78478 | Zig:3    | Entered Level 3 of a ziggurat
 78500 | Zig:3    | Reached XP level 27. HP: 176/176 MP: 43/44
 78507 | Zig:4    | Entered Level 4 of a ziggurat
 78510 | Zig:4    | Noticed an ancient lich
 78518 | Zig:4    | Killed an ancient lich
 78519 | Zig:4    | Reached skill level 15 in Dodging
 78523 | Zig:4    | Identified the +11 bardiche "Sosot" {vamp, +Blink Int+8}
 78534 | Zig:5    | Entered Level 5 of a ziggurat
 78536 | Zig:5    | Noticed a juggernaut
 78541 | Zig:5    | Killed a juggernaut
 78604 | Zig:6    | Entered Level 6 of a ziggurat
 78700 | Zig:7    | Entered Level 7 of a ziggurat
 78715 | Zig:7    | Identified the +5 war axe "Hadues Racre" {venom, rN+ Int+4
                  | Stlth-}
 78736 | Zig:8    | Entered Level 8 of a ziggurat
 78746 | Zig:8    | Reached skill level 10 in Ice Magic
 78747 | Zig:8    | Found the +3 giant club "Skullcrusher" {speed, Str+7}
 78783 | Zig:8    | Identified the +9 rapier of the Purse {vorpal, Str+5}
 78790 | Zig:8    | Identified the ring of the Sky {rElec AC+4}
 78808 | Zig:9    | Entered Level 9 of a ziggurat
 78814 | Zig:9    | Noticed Naotyoc the pandemonium lord
 78819 | Zig:9    | Killed Naotyoc the pandemonium lord
 78920 | Zig:10   | Entered Level 10 of a ziggurat
 78979 | Zig:10   | Learned a level 8 spell: Necromutation
 78989 | Zig:10   | Identified the +6 plate armour of Noon {rPois Will- Stlth+}
 79005 | Zig:10   | Identified the ring "Baninubb" {rPois Str+2 SInv}
 79010 | Zig:10   | Identified the +6 hunting sling of the Final Deaths {venom,
                  | rCorr Str+3 Int-5}
 79026 | Zig:11   | Entered Level 11 of a ziggurat
 79055 | Zig:11   | Found the +5 demon whip "Spellbinder" {antimagic, Will+}
 79059 | Zig:11   | Reached skill level 1 in Transmutations
 79060 | Zig:11   | Reached skill level 1 in Necromancy
 79077 | Zig:11   | Identified the ring "Hag Gar" {Will+ MP+9 Stlth+}
 79086 | Zig:11   | Identified the ring of Piwkexeg {Wiz SInv}
 79111 | Zig:12   | Entered Level 12 of a ziggurat
 79128 | Zig:12   | Found the +8 demon blade "Leech" {vamp, Harm Drain rN+}
 79185 | Zig:13   | Entered Level 13 of a ziggurat
 79195 | Zig:13   | Noticed Muific the pandemonium lord
 79208 | Zig:13   | Gained mutation: You are weak. (Str -2) [a cacodemon]
 79209 | Zig:13   | Killed Muific the pandemonium lord
 79355 | Zig:13   | Identified the +7 short sword of Busiger {speed, rCorr
                  | Str+3}
 79357 | Zig:13   | Identified the ring "Nicyn" {Fly rN+ SInv}
 79360 | Zig:13   | Identified the ring of the Hidden Ships {Ice Contam Dex+8}
 79364 | Zig:13   | Identified the +12 morningstar "Gram" {drain, rF+ Will+}
 79371 | Zig:13   | Identified the +4 chain mail "Siduit" {Drain rC++ Int-3
                  | Dex+9}
 79413 | Zig:14   | Entered Level 14 of a ziggurat
 79426 | Zig:14   | Noticed a royal mummy
 79426 | Zig:14   | Noticed a royal mummy
 79433 | Zig:14   | Noticed a royal mummy
 79434 | Zig:14   | Killed a royal mummy
 79434 | Zig:14   | Killed a royal mummy
 79434 | Zig:14   | Killed a royal mummy
 79513 | Zig:14   | Identified the ring of Suspicion {rC++ Will+ Str+4 Int+6}
 79531 | Zig:14   | Identified the +1 glaive "Omeumufu" {flame, Stlth+}
 79599 | Zig:15   | Entered Level 15 of a ziggurat
 79613 | Zig:15   | Noticed Cauram the pandemonium lord
 79613 | Zig:15   | Noticed Halepsuc the pandemonium lord
 79617 | Zig:15   | Noticed Xeetus the pandemonium lord
 79619 | Zig:15   | Noticed Cufege the pandemonium lord
 79619 | Zig:15   | Noticed Noothripe the pandemonium lord
 79622 | Zig:15   | Noticed Rusue the pandemonium lord
 79623 | Zig:15   | Killed Cauram the pandemonium lord
 79623 | Zig:15   | Killed Halepsuc the pandemonium lord
 79625 | Zig:15   | Killed Cufege the pandemonium lord
 79628 | Zig:15   | Killed Xeetus the pandemonium lord
 79629 | Zig:15   | Killed Noothripe the pandemonium lord
 79634 | Zig:15   | Killed Rusue the pandemonium lord
 80067 | Zig:15   | Reached skill level 15 in Ice Magic
 80088 | Zig:16   | Entered Level 16 of a ziggurat
 80106 | Zig:16   | Noticed Mogoom the pandemonium lord
 80111 | Zig:16   | Mangled by Mogoom the pandemonium lord

Illustrated notes

Levels and vault maps discovered:
D:1:      noname_arrival_rooms_in_the_neighbourhood, layout_basic,
          shapermc_ecumenical_altar_totnotflames
D:2:      layout_basic, kennysheep_doodads, serial_bayou_pond_a,
          minmay_misc_feat_diagonals, grunt_decor_fettered, due_unseen_surprise
D:3:      layout_loops_ring, okawaru_gym_becter,
          mainiacjoe_overflow_tiny_flanked, serial_undead, serial_undead_c,
          serial_undead_f, serial_undead_b, serial_undead_b
D:4:      layout_loops_cross, kennysheep_little_box, supply_closet_lemuel
D:5:      layout_cave_pools, makhleb_blood_cavern_becter, serial_gnoll_camp,
          gnoll_camp_mini_hut, gnoll_camp_mini_house, gnoll_camp_mini_loothouse,
          gnoll_camp_huts_basic, serial_shops, shop, uniq_menkaure,
          uniq_eustachio, uniq_blork_the_orc
D:6:      layout_cave_pools, lemuel_doored_altar, minmay_temple_entry_slanted
D:7:      layout_rooms
D:8:      layout_loops_ring, mainiacjoe_overflow_chevrons,
          mainiacjoe_overflow_two_lobes, enter_ossuary_3, kb_rosetta,
          uniq_pikel, uniq_maggie
D:9:      kennysheep_spiral_hall, layout_stronghold, amcnicky_altar_gilded,
          erik_orc_4, uniq_joseph
D:10:     layout_roguey, uniq_fannar
D:11:     layout_long_grid, erik_lair_island, nicolae_stop_n_shop_1
D:12:     layout_roguey
D:13:     layout_irregular_city, gauntlet_entry_generic, serial_shops,
          nicolae_shop_crystal, kennysheep_windowed_goal
D:14:     minmay_mutant_horseshoe, layout_basic,
          hangedman_vaults_entry_quadrant_bands, nicolae_stop_n_shop_2,
          kennysheep_generic_room_2
D:15:     hangedman_depths_entry_civil_slaughter, layout_loops_ring,
          uniq_josephine
Temple:   cyrus_circular_temple
Lair:1:   layout_roguey
Lair:2:   layout_chaotic_city, skrybe_swamp_entry_bodies, portal_ice_cave_rime,
          pond
Lair:3:   lemuel_reptile_caves, layout_loops_ring, spider_nest_entry_funnel_web,
          grunt_megastairs_5, uniq_rupert, uniq_sonja
Lair:4:   layout_loops_ring
Lair:5:   layout_roguey, slime_altar_2, eino_house_with_fridge
Lair:6:   grunt_lair_end_beastmaster, layout_gridlike, serial_bayou_pond_a,
          serial_bayou_shore_b, uniq_kirke
Swamp:1:  nicolae_swamp_long_stream, layout_falls_marsh,
          evilmike_swamp_ruin_rubble_1, infiniplex_staircase_pool
Swamp:2:  layout_falls_marsh, evilmike_swamp_ruin_house_4,
          infiniplex_staircase_pool_2
Swamp:3:  layout_basic_swamp, nicolae_swamp_small_spring
Swamp:4:  swamp_fiery, layout_basic_swamp, uniq_donald
Spider:1: layout_spider_delve
Spider:2: layout_chambers
Spider:3: layout_spider_delve
Spider:4: grunt_spider_rune_circles, nicolae_spider_bzzzt
Slime:1:  layout_caves, nicolae_slime_barrier
Slime:2:  layout_caves, uniq_dissolution
Slime:3:  layout_caves, cheibrodos_slime_lost_civilization_7
Slime:4:  layout_caves
Slime:5
Orc:1:    layout_diamond_mine, uniq_nergalle
Orc:2:    st_orc_open, layout_diamond_mine, serial_shops, nicolae_shop_crystal,
          ebering_ghost_reflecting_pool
Elf:1:    elf_arrival_001, layout_loops_cross, serial_shops, shop_fountains,
          mu_enter_wizlab_6, hangedman_elven_crosses_minicolossus, st_stairs_7,
          uniq_frances
Elf:2:    nicolae_elf_blades_splatter_lattice
          [nicolae_blade_entry_crossed_weapons], layout_geoelf_grid,
          serial_shops, shop, bh_hangedman_babel_library, uniq_asterion
Elf:3:    minmay_elf_hall_furrowed, layout_onion_city, serial_shops,
          nicolae_shop_statue_plus, nicolae_elf_crossing_hall, minmay_shop_star,
          uniq_nikola
Vaults:1: vaults_room_grid, vaults_room_door_hall, vaults_room_large_hall,
          ontoclasm_vaults_decontamination, ontoclasm_vaults_ring_small,
          hangedman_vaults_pinch, vaults_room_pool, hangedman_vaults_stream,
          serial_ice_g, v_rooms_2, layout_vaults_quadrants
Vaults:2: vaults_mumra_hexcomb, v_misc_3, nicolae_vaults_alarming, serial_ice_g,
          v_misc_5, vaults_dpeg_spiral, hangedman_vaults_slice,
          nicolae_vaults_hallways_thing, nicolae_vaults_network_s,
          nicolae_vaults_rhombus_5, vaults_room_semicircle,
          vaults_room_large_hall, nicolae_vaults_rhombus_6,
          nicolae_vaults_circle_grid_b, layout_vaults_omnibox
Vaults:3: blue_anna_dwarven_crypt, ontoclasm_vaults_misaligned,
          vaults_room_hallway, v_misc_31, grunt_vaults_diagonal,
          vaults_room_large_hall, v_misc_2, nicolae_vaults_little_squares_1,
          ontoclasm_vaults_fault, ontoclasm_vaults_idyll,
          nicolae_vaults_quartermaster, ontoclasm_vaults_gateway,
          vaults_mumra_minichess_inversion, vaults_dpeg_diagonal, v_misc_3,
          vaults_dpeg_ring, v_misc_1, nicolae_vaults_little_squares_2,
          layout_vaults_maze_snakey, serial_shops, nicolae_shop_waterfront,
          nicolae_lakefront_shop, shop
Vaults:4: hangedman_vaults_unwind, nicolae_vaults_what_the_h,
          ontoclasm_vaults_ligature, vaults_standard_mumra_enter_the_diamond,
          vaults_dpeg_doors, nicolae_vaults_network_quincunx
          [nicolae_vaults_network_quincunx_subvault,
          nicolae_vaults_network_quincunx_subvault,
          nicolae_vaults_network_quincunx_subvault,
          nicolae_vaults_network_quincunx_subvault,
          nicolae_vaults_network_quincunx_subvault], v_misc_11,
          vaults_room_boxed, nicolae_vaults_diagonal_hallway_9,
          vaults_room_pool, nicolae_vaults_specimen_jars,
          layout_vaults_omnicross, uniq_frederick, uniq_mara
Vaults:5: uniq_sojobo, uniq_jory
Crypt:1:  layout_gridlike, lemuel_hellish_altar, grunt_crypt_arrival_webbed,
          grunt_megastairs_2
Crypt:2:  layout_rooms, small_chamber_with_monster, st_stairs_12
Crypt:3:  lightli_unholy_cathedral, layout_chaotic_city,
          nicolae_tomb_entry_rubble_hallway, basic_altar, minicrypt_bobbens
Depths:1: layout_cross, pf_hell_entry_great_geh, minmay_misc_feat_x,
          nicolae_elemental_shop, hangedman_stitches_earthworm,
          roderic_lattice_octagonal_star, uniq_aizul, uniq_saint_roka
Depths:2: cheibrodos_witchhunters_guild, layout_gridville,
          rand_demon_pan_entry_4, hell_entry, serial_bayou_shore_b
Depths:3: kennysheep_water_balloons, layout_gridville, enter_ziggurat_a,
          lightli_too_deep, serial_shops,
          nicolae_shop_competitors_out_of_business, nicolae_diamond_shop, shop,
          shop, shop, xom_teletrap_fun, abyss_entry, serial_bayou_shore_a,
          infiniplex_staircase_star
Depths:4: evilmike_zot_entry_round, layout_cave_pools, hell_entry, serial_shops,
          nicolae_shop_statue_plus, shop, rand_demon_pan_entry_5,
          hangedman_abyss_or_decor_stabs, serial_bayou_shore_b
Zig:16:   ziggurat_pillar_abc, ziggurat_pillar_abc, ziggurat_pillar_abc,
          ziggurat_pillar_abc

Skill      XL: |  1  2  3  4  5  6  7  8  9 10 11 12 13 14 15 16 17 18 19 20 21 22 23 24 25 26 27 |
---------------+----------------------------------------------------------------------------------+-----
Earth Magic    | 4 5 6 7 8 9 10 11 12 13 14 15 16 18 19 21 22 | 22.4
Spellcasting   | 3 4 5 6 7 8 9 10 11 12 13 14 15 16 17 18 | 18.0
Conjurations   | 1 2 3 5 6 7 8 9 10 11 12 13 14 15 16 17 18 19 20 | 20.0
Fighting       | 3 4 5 7 8 9 10 11 12 13 14 15 16 17 18 20 | 20.0
Armour         | 3 4 6 8 |  8.0
Evocations     | 2 3 5 6 7 8 9 10 | 10.0
Maces & Flails | 2 4 5 6 7 8 9 10 11 12 13 14 15 16 | 16.0
Dodging        | 3 4 5 6 7 8 9 10 11 12 13 14 15 | 15.0
Fire Magic     | 4 7 8 10 12 13 14 15 16 17 18 20 | 20.4
Ice Magic      | 7 15 | 15.6
Transmutations | 4 |  4.3
Necromancy     | 4 |  4.2
Stealth        | |  2.1

Action                   |  1- 3 |  4- 6 |  7- 9 | 10-12 | 13-15 | 16-18 | 19-21 | 22-24 | 25-27 || total
-------------------------+-------+-------+-------+-------+-------+-------+-------+-------+-------++-------
Melee: Whip              |    77 |   165 |    17 |       |       |       |       |       |       ||   259
       Dagger            |     4 |       |       |       |       |       |       |       |       ||     4
       Unarmed           |     1 |       |       |       |       |       |       |       |       ||     1
       Trident           |       |       |   134 |   359 |   271 |       |       |       |       ||   764
       Eveningstar       |       |       |       |       |   560 |   902 |   736 |   785 |   327 ||  3310
 Cast: Sandblast         |    14 |    25 |    66 |     5 |    24 |    11 |    13 |       |       ||   158
       Passwall          |     2 |       |       |       |       |       |       |       |       ||     2
       Stone Arrow       |       |     2 |    52 |   216 |   208 |     1 |     8 |    11 |     1 ||   499
       Iron Shot         |       |       |       |       |    59 |   216 |   132 |   122 |    65 ||   594
       Fireball          |       |       |       |       |    22 |    46 |    13 |       |       ||    81
       Lee's Rapid Decon |       |       |       |       |     5 |    39 |    50 |    10 |       ||   104
       Starburst         |       |       |       |       |    15 |    33 |    12 |       |       ||    60
       Ignition          |       |       |       |       |       |       |    67 |    26 |    31 ||   124
       Shatter           |       |       |       |       |       |       |    17 |    97 |   133 ||   247
       Fire Storm        |       |       |       |       |       |       |       |       |    28 ||    28
Evoke: Wand              |       |       |     8 |     7 |    29 |    12 |     4 |       |     2 ||    62
       Box of beasts     |       |       |       |       |     2 |     3 |       |       |     1 ||     6
       Phial of floods   |       |       |       |       |     1 |     4 |     2 |       |     2 ||     9
       Condenser vane    |       |       |       |       |       |       |     3 |     1 |     4 ||     8
       Tin of tremorston |       |       |       |       |       |       |       |     2 |     4 ||     6
  Use: Scroll            |     8 |     4 |    12 |    12 |    11 |    14 |     5 |     2 |    27 ||    95
       Potion            |       |     1 |     1 |     9 |     1 |     6 |     7 |     6 |    18 ||    49
 Stab: Sleeping          |     7 |     4 |       |     1 |     7 |     1 |       |       |       ||    20
       Paralysed         |       |       |     7 |       |       |       |       |       |       ||     7
       Distracted        |       |       |       |       |     1 |     1 |     1 |     1 |     1 ||     5
       Invisible         |       |       |       |       |     1 |       |     1 |       |       ||     2
Armor: Robe              |    32 |    99 |       |       |       |       |       |       |       ||   131
       Leather armour    |       |     4 |   120 |   171 |       |       |       |       |       ||   295
       Troll leather arm |       |       |       |   189 |       |       |       |       |       ||   189
       Steam dragon scal |       |       |       |    27 |   638 |   808 |   678 |   512 |   307 ||  2970
Dodge: Dodged            |    54 |   137 |   135 |   342 |   738 |   889 |   779 |   604 |   383 ||  4061
Block: Other             |       |       |       |    28 |   259 |   273 |   240 |   156 |   105 ||  1061
       Reflection        |       |       |       |     1 |     9 |     7 |    10 |     4 |     2 ||    33

Table legend: (Time is in decaauts)
 A = Elapsed time spent in this place.
 B = Non-inter-level travel time spent in this place.
 C = Inter-level travel time spent in this place.
 D = Time resting spent in this place.
 E = Time spent auto-exploring this place.
 F = Levels seen in this place.
 G = Mean time per level.
                   A        B        C        D        E       F      G
               +--------+--------+--------+--------+--------+-----+--------+
         Total |  80052 |  75824 |   4228 |  13915 |  47228 |  72 | 1111.8 |
       Dungeon |  23306 |  21862 |   1444 |   3781 |  14217 |  15 | 1553.7 |
        Temple |     22 |     14 |      8 |      0 |      2 |   1 |   22.0 |
          Lair |   9303 |   8688 |    615 |   1373 |   5725 |   6 | 1550.5 |
         Swamp |   4316 |   4143 |    173 |    939 |   2499 |   4 | 1079.0 |
   Spider Nest |   5588 |   5319 |    269 |    713 |   3757 |   4 | 1397.0 |
    Slime Pits |    778 |    725 |     53 |    372 |      0 |   5 |  155.6 |
  Orcish Mines |   2576 |   2312 |    264 |    342 |   1380 |   2 | 1288.0 |
   Elven Halls |   6585 |   6349 |    236 |    880 |   4355 |   3 | 2195.0 |
        Vaults |  10706 |  10069 |    637 |   1072 |   7505 |   5 | 2141.2 |
         Crypt |   6297 |   6101 |    196 |   1187 |   3687 |   3 | 2099.0 |
        Depths |   5721 |   5392 |    329 |    925 |   3415 |   4 | 1430.2 |
         Abyss |    687 |    687 |      0 |    120 |    304 |   1 |  687.0 |
      Ziggurat |   1688 |   1688 |      0 |    913 |      0 |  16 |  105.5 |
      Ice Cave |   1021 |   1021 |      0 |    629 |    158 |   1 | 1021.0 |
        Wizlab |    670 |    670 |      0 |    309 |     83 |   1 |  670.0 |
      Gauntlet |    780 |    780 |      0 |    360 |    140 |   1 |  780.0 |
               +--------+--------+--------+--------+--------+-----+--------+

Top non-repeatable levels by time:
   Elf:3: 3555 daAuts
    D:14: 3004 daAuts
Vaults:4: 2805 daAuts
 Crypt:3: 2759 daAuts
Vaults:2: 2583 daAuts
  Lair:3: 2265 daAuts
    D:15: 2259 daAuts
Vaults:1: 2193 daAuts
    D:13: 2191 daAuts
Vaults:3: 2038 daAuts
  Lair:6: 1992 daAuts
Spider:4: 1989 daAuts
   Elf:1: 1986 daAuts
 Crypt:1: 1969 daAuts
  Lair:5: 1891 daAuts
